 Dungeon Crawl Stone Soup version 0.28-a0-1435-g82390b3a13 (webtiles) character file.

Game seed: 6660346743628838371

59 porpoise the Skirmisher (level 3, 0/29 HPs)
             Began as a Demonspawn Wanderer on Jan 10, 2022.
             Slain by a goblin (1 damage)
             ... led by Robin
             ... on level 2 of the Dungeon.
             The game lasted 00:04:20 (2022 turns).

porpoise the Skirmisher (Demonspawn Wanderer)       Turns: 2022, Time: 00:04:21

Health: 0/29       AC:  6    Str: 16    XL:     3   Next: 78%
Magic:  4/4        EV: 12    Int: 10    God:
Gold:   56         SH:  0    Dex: 17    Spells: 2/2 levels left

rFire   . . .      SeeInvis .   a - +0 falchion
rCold   . . .      Faith    .   (no shield)
rNeg    . . .      Spirit   .   b - +2 leather armour
rPois   .          Reflect  .   (no helmet)
rElec   .          Harm     .   (no cloak)
rCorr   .          Rampage  .   (no gloves)
Will    .....                   h - +0 pair of boots
Stlth   ++++......              (no amulet)
HPRegen 0.09/turn               (no ring)
MPRegen 0.09/turn               (no ring)

@: no status effects
A: thin skeletal structure 2
a: no special abilities


You were on level 2 of the Dungeon.
You visited 1 branch of the dungeon, and saw 2 of its levels.

You collected 56 gold pieces.

Inventory:

Hand Weapons
 a - a +0 falchion (weapon)
Missiles
 d - 4 stones (quivered)
 j - 22 sling bullets
 k - 29 bolts
Armour
 b - a +2 leather armour (worn)
 h - a +0 pair of boots (worn)
Scrolls
 c - a scroll of vulnerability
 f - a scroll of magic mapping {unknown}
 g - a scroll of summoning {unknown}
 i - 2 scrolls of identify {unknown}
 l - a scroll of silence {unknown}
Potions
 e - a potion of haste {unknown}


   Skills:
 * Level 3.1 Fighting
 * Level 2.9 Long Blades
 - Level 1.0 Armour
 - Level 1.7 Dodging
 + Level 1.3 Stealth
 - Level 2.4 Invocations


You had 2 spell levels left.
You didn't know any spells.
Your spell library contained the following spells:

 Spells                   Type           Power      Damage    Failure   Level
 Freeze                   Ice            0%         1d3       43%         1
 Ozocubu's Armour         Ice            0%         N/A       80%         3
 Haunt                    Necr/Summ      0%         N/A       100%        7


Dungeon Overview and Level Annotations

Branches:
Dungeon (2/15)

Altars:
Dithmenos

Annotations:
D:2 Robin


Innate Abilities, Weirdness & Mutations

You have a moderately thin skeletal structure. (Dex +4, Stealth++)


Message History

The hobgoblin closely misses you.
Things that are here:
a +0 club; a goblin corpse You closely miss the hobgoblin.
The hobgoblin is severely wounded.
The hobgoblin hits you but does no damage.
You barely miss the hobgoblin.
The hobgoblin is severely wounded.
The hobgoblin barely misses you. Robin throws the goblin at you!
You hit the hobgoblin but do no damage.
The hobgoblin is severely wounded.
The hobgoblin closely misses you. Robin throws the goblin at you!
The goblin closely misses you.
A goblin comes into view. It is wielding a +0 club.
You hit the goblin but do no damage. The hobgoblin hits you.
The goblin hits you with a +0 club. The goblin closely misses you. x2
The hobgoblin barely misses you.
You hit the goblin.
You kill the goblin!
The hobgoblin no longer looks unusually strong.
Robin roars a battlecry!
The hobgoblin goes into a battle-frenzy!
The goblin hits you but does no damage. The hobgoblin barely misses you.
The goblin hits you with a +0 club.
You hear a shout!
You closely miss the goblin. The hobgoblin hits you.
The goblin hits you with a +0 club. Robin throws the goblin at you!
You hit the goblin.
The goblin is heavily wounded.
The goblin hits you with a +0 club.
* * * LOW HITPOINT WARNING * * *
The hobgoblin barely misses you. The goblin hits you with a +0 club.
* * * LOW HITPOINT WARNING * * *
You barely miss the goblin.
The goblin is heavily wounded.
The goblin hits you with a +0 club.
* * * LOW HITPOINT WARNING * * *
The hobgoblin hits you but does no damage.
The goblin hits you with a +0 club.
You die...

##### ########...#
#########.....##...#
....gggg@g....##...#
#########g....##...# ####
##.....#.....##...# #...
#...##.#..[..##...###.#^
...#.....................#.
#........#.......#.#.######.
...#.#...<...##.##.#.######.
...
#.#.............#.รท....#.
.. #.###.#.###.#.########.#.


You could see Robin, 3 hobgoblins and 2 goblins.

Vanquished Creatures
  2 adders (D:2)
  5 ball pythons
  5 endoplasms (D:1)
  4 goblins
  6 hobgoblins
  2 jackals (D:1)
  A kobold (D:1)
  2 quokkas (D:2)
  3 bats
  2 frilled lizards
  5 rats
37 creatures vanquished.

Notes
Turn   | Place    | Note
-------+----------+-------------------------------------------
     0 | D:1      | porpoise the Demonspawn Wanderer began the quest for the
                  | Orb.
     0 | D:1      | porpoise set off with the following items: a +0 falchion, a
                  | +2 leather armour, a scroll of vulnerability
     0 | D:1      | Reached XP level 1. HP: 16/16 MP: 2/2
   237 | D:1      | Gained mutation: You have a somewhat thin skeletal
                  | structure. (Dex +2, Stealth+) [demonic ancestry]
   237 | D:1      | Reached XP level 2. HP: 16/23 MP: 3/3
   512 | D:1      | Got the Collected Works on Congealing Black Arts
  1429 | D:1      | Found a faded altar of an unknown god.
  1483 | D:2      | Gained mutation: You have a moderately thin skeletal
                  | structure. (Dex +4, Stealth++) [demonic ancestry]
  1483 | D:2      | Reached XP level 3. HP: 25/28 MP: 4/4
  1568 | D:2      | Found a shadowy altar of Dithmenos.
  1757 | D:2      | Reached skill level 3 in Fighting
  2008 | D:2      | Noticed Robin
  2022 | D:2      | HP: 1/29 [goblin[Robin] (2)]
  2022 | D:2      | Slain by a goblin

Illustrated notes

Levels and vault maps discovered:
D:1:      sevenhm_arrival_forest_fort_small_3, layout_basic,
          dilly_ecumenical_altar_fadedgnrine, hex_large,
          wander_ebering_terrifying_dragon_lair
D:2:      layout_basic, basic_altar, minmay_misc_feat_alley, uniq_robin

Skill      XL: |  1  2  3 |
---------------+----------+-----
Long Blades    | 2 |  2.9
Fighting       | 3 |  3.1
Armour         | |  1.0
Dodging        | |  1.7
Stealth        | |  1.3
Invocations    | |  2.4

Action                   || total
-------------------------++-------
Melee: Falchion          ||   131
       Punch             ||     4
 Stab: Sleeping          ||     9
Armor: Leather armour    ||    46
Dodge: Dodged            ||    79

Table legend: (Time is in decaauts)
 A = Elapsed time spent in this place.
 B = Non-inter-level travel time spent in this place.
 C = Inter-level travel time spent in this place.
 D = Time resting spent in this place.
 E = Time spent auto-exploring this place.
 F = Levels seen in this place.
 G = Mean time per level.
                   A        B        C        D        E       F      G
               +--------+--------+--------+--------+--------+-----+--------+
         Total |   2044 |   2027 |     17 |    836 |    813 |   2 | 1022.0 |
       Dungeon |   2044 |   2027 |     17 |    836 |    813 |   2 | 1022.0 |
               +--------+--------+--------+--------+--------+-----+--------+

Top non-repeatable levels by time:
     D:1: 1488 daAuts
     D:2: 556 daAuts
